SL
PHOENIX HOTSPUR @ THUNDER BAY NORTHERN LIONS BC
07/12/2038
 
TOP OF THE 1ST
Phoenix Hotspur batting - Pitching for Thunder Bay Northern Lions BC : RHP Jesús Vidro
Pitching: RHP Jesús Vidro
Batting: RHB Alberto Ramírez 0-0: Ball
1-0: DOUBLE (Line Drive, 78D, EV 110.6 MPH)
Batting: LHB Mare Riseley 0-0: Ball
Alberto Ramírez steals 3rd base
1-0: Foul Ball, location: 2F
1-1: Ball
2-1: Foul Ball, location: 2F
2-2: Fly out, F8 (Line Drive, 8LM, EV 88.8 MPH)
Runner from 3rd tags up, SCORES, throw by CF
Batting: RHB Jonas van Claveren 0-0: Ground out 6-3 (Groundball, 6, EV 84.4 MPH)
Batting: LHB Tadayoshi Watanabe 0-0: Ball
1-0: Called Strike
1-1: Swinging Strike
1-2: Ground out 6-3 (Groundball, 4, EV 91.9 MPH)
Top of the 1st over - 1 run, 1 hit, 0 errors, 0 left on base; Phoenix 1 - Thunder Bay 0
BOTTOM OF THE 1ST
Thunder Bay Northern Lions BC batting - Pitching for Phoenix Hotspur : RHP Masahiro Sakei
Pitching: RHP Masahiro Sakei
Batting: LHB Ramón Padilla 0-0: Ball
1-0: Foul Ball, location: 2F
1-1: Foul Ball, location: 2F
1-2: Fly out, F7 (Line Drive, 7S, EV 85.6 MPH)
Batting: RHB Jason Slaybaugh 0-0: Ball
1-0: Swinging Strike
1-1: Called Strike
1-2: Foul Ball, location: 2F
1-2: Ground out 6-3 (Groundball, 6, EV 83.1 MPH)
Batting: LHB Kevin de Bruyne 0-0: Ball
1-0: Swinging Strike
1-1: Called Strike
1-2: SINGLE (Groundball, 34, EV 76.2 MPH) (infield hit)
Batting: LHB Jorge Herrera 0-0: Ball
1-0: Called Strike
1-1: Ball
2-1: Foul Ball, location: 2F
2-2: SINGLE (Groundball, 4MD, EV 94.4 MPH)
Kevin de Bruyne to second
Runner from 2nd tries for 3rd, SAFE, no throw by CF
Batting: LHB Sébastien Cornu 0-0: Ball
1-0: Ball
2-0: Ball
3-0: Fly out, F9 (Flyball, 9LDF, EV 95.0 MPH)
Bottom of the 1st over - 0 runs, 2 hits, 0 errors, 2 left on base; Phoenix 1 - Thunder Bay 0
TOP OF THE 2ND
Phoenix Hotspur batting - Pitching for Thunder Bay Northern Lions BC : RHP Jesús Vidro
Batting: RHB Martín Talia 0-0: Ground out 4-3 (Groundball, 34, EV 81.2 MPH)
Batting: LHB Valerius Buser 0-0: Called Strike
0-1: Foul Ball, location: 2F
0-2: DOUBLE (Flyball, 8LXD, EV 106.2 MPH)
Batting: RHB Myles Brundidge 0-0: Called Strike
0-1: Foul Ball, location: 2F
0-2: Ball
1-2: Ball
2-2: Strikes out looking
Batting: RHB Brit Davis 0-0: Swinging Strike
0-1: Called Strike
0-2: Strikes out swinging, 2-3 out at first.
Top of the 2nd over - 0 runs, 1 hit, 0 errors, 1 left on base; Phoenix 1 - Thunder Bay 0
BOTTOM OF THE 2ND
Thunder Bay Northern Lions BC batting - Pitching for Phoenix Hotspur : RHP Masahiro Sakei
Batting: RHB Joe Aller 0-0: Foul Ball, location: 2F
0-1: Foul Ball, location: 2F
0-2: Ball
1-2: Foul Ball, location: 2F
1-2: Ball
2-2: Ball
3-2: Fly out, F6 (Flyball, 56D, EV 86.2 MPH)
Batting: RHB Charles Josse 0-0: Ball
1-0: Called Strike
1-1: Ball
2-1: Ball
3-1: Called Strike
3-2: SINGLE (Line Drive, 78S, EV 97.5 MPH)
Batting: RHB Juan Pedraza 0-0: Ball
Charles Josse steals 2nd base
1-0: Foul Ball, location: 2F
1-1: Foul Ball, location: 2F
1-2: Ball
2-2: Foul Ball, location: 2F
2-2: Strikes out swinging
Batting: LHB Barry Flauker 0-0: Called Strike
0-1: Ball
1-1: Swinging Strike
1-2: Ball
2-2: Ball
3-2: Strikes out swinging
Bottom of the 2nd over - 0 runs, 1 hit, 0 errors, 1 left on base; Phoenix 1 - Thunder Bay 0
TOP OF THE 3RD
Phoenix Hotspur batting - Pitching for Thunder Bay Northern Lions BC : RHP Jesús Vidro
Batting: RHB Quan Easterling 0-0: Called Strike
0-1: Swinging Strike
0-2: Strikes out looking
Batting: RHB Alberto Ramírez 0-0: Ball
1-0: Foul Ball, location: 2F
1-1: Ball
2-1: Ball
3-1: Ground out 6-3 (Groundball, 6, EV 101.9 MPH)
Batting: LHB Mare Riseley 0-0: Ball
1-0: Foul Ball, location: 2F
1-1: Ball
2-1: Foul Ball, location: 2F
2-2: Ground out 1-3 (Groundball, P, EV 83.1 MPH)
Top of the 3rd over - 0 runs, 0 hits, 0 errors, 0 left on base; Phoenix 1 - Thunder Bay 0
BOTTOM OF THE 3RD
Thunder Bay Northern Lions BC batting - Pitching for Phoenix Hotspur : RHP Masahiro Sakei
Batting: LHB Ramón Padilla 0-0: Foul Ball, location: 2F
0-1: Ball
1-1: Ball
2-1: Ball
3-1: Fly out, F8 (Flyball, 8LXD, EV 103.8 MPH)
Batting: RHB Jason Slaybaugh 0-0: Called Strike
0-1: Foul Ball, location: 2F
0-2: Ball
1-2: Ball
2-2: Foul Ball, location: 2F
2-2: Fly out, F9 (Flyball, 89D, EV 78.1 MPH)
Batting: LHB Kevin de Bruyne 0-0: Ball
1-0: Fly out, F3 (Line Drive, 3, EV 63.8 MPH)
Bottom of the 3rd over - 0 runs, 0 hits, 0 errors, 0 left on base; Phoenix 1 - Thunder Bay 0
TOP OF THE 4TH
Phoenix Hotspur batting - Pitching for Thunder Bay Northern Lions BC : RHP Jesús Vidro
Batting: RHB Jonas van Claveren 0-0: Foul Ball, location: 2F
0-1: Called Strike
0-2: Ground out 5-3 (Groundball, 56, EV 105.0 MPH)
Batting: LHB Tadayoshi Watanabe 0-0: Ball
1-0: DOUBLE (Line Drive, 89M, EV 101.2 MPH)
Batting: RHB Martín Talia 0-0: Called Strike
0-1: Foul Ball, location: 2F
0-2: Ground out 6-3 (Groundball, 6, EV 85.6 MPH)
Batting: LHB Valerius Buser 0-0: Ball
1-0: Fly out, F1 (Popup, 13, EV 90.6 MPH)
Top of the 4th over - 0 runs, 1 hit, 0 errors, 1 left on base; Phoenix 1 - Thunder Bay 0
BOTTOM OF THE 4TH
Thunder Bay Northern Lions BC batting - Pitching for Phoenix Hotspur : RHP Masahiro Sakei
Batting: LHB Jorge Herrera 0-0: Ball
1-0: Ball
2-0: Ball
3-0: Base on Balls
Batting: LHB Sébastien Cornu 0-0: Ball
1-0: Ball
2-0: Ball
3-0: Called Strike
3-1: Called Strike
3-2: Fly out, F7 (Line Drive, 78M, EV 94.4 MPH)
Batting: RHB Joe Aller 0-0: Ball
1-0: Swinging Strike
1-1: Foul Ball, location: 2F
1-2: Ball
2-2: Fly out, F9 (Flyball, 9S, EV 88.1 MPH)
Batting: RHB Charles Josse 0-0: Called Strike
0-1: Called Strike
0-2: Ball
1-2: Ball
2-2: Fly out, F6 (Flyball, 6D, EV 80.0 MPH)
Bottom of the 4th over - 0 runs, 0 hits, 0 errors, 1 left on base; Phoenix 1 - Thunder Bay 0
TOP OF THE 5TH
Phoenix Hotspur batting - Pitching for Thunder Bay Northern Lions BC : RHP Jesús Vidro
Batting: RHB Myles Brundidge 0-0: Called Strike
0-1: Swinging Strike
0-2: Strikes out swinging
Batting: RHB Brit Davis 0-0: Swinging Strike
0-1: Foul Ball, location: 2F
0-2: Foul Ball, location: 2F
0-2: Strikes out swinging
Batting: RHB Quan Easterling 0-0: DOUBLE (Flyball, 8RXD, EV 100.0 MPH)
Batting: RHB Alberto Ramírez 0-0: Swinging Strike
0-1: Ball
1-1: Called Strike
1-2: Strikes out swinging
Top of the 5th over - 0 runs, 1 hit, 0 errors, 1 left on base; Phoenix 1 - Thunder Bay 0
BOTTOM OF THE 5TH
Thunder Bay Northern Lions BC batting - Pitching for Phoenix Hotspur : RHP Masahiro Sakei
Batting: RHB Juan Pedraza 0-0: Called Strike
0-1: Ground out 6-3 (Groundball, 6, EV 89.4 MPH)
Batting: LHB Barry Flauker 0-0: Ball
1-0: Foul Ball, location: 2F
1-1: Called Strike
1-2: Foul Ball, location: 2F
1-2: Ball
2-2: SOLO HOME RUN (Flyball, 9D, EV 92.5 MPH), Distance : 347 ft
Batting: LHB Ramón Padilla 0-0: Foul Ball, location: 2F
0-1: Ball
1-1: Ball
2-1: Called Strike
2-2: Ball
3-2: Base on Balls
Batting: RHB Jason Slaybaugh 0-0: Ball
1-0: Called Strike
1-1: Ball
2-1: Grounds into double play, 4-6-3 (Groundball, 34, EV 106.9 MPH)
Bottom of the 5th over - 1 run, 1 hit, 0 errors, 0 left on base; Phoenix 1 - Thunder Bay 1
TOP OF THE 6TH
Phoenix Hotspur batting - Pitching for Thunder Bay Northern Lions BC : RHP Jesús Vidro
Batting: LHB Mare Riseley 0-0: Called Strike
0-1: Ball
1-1: Foul Ball, location: 2F
1-2: Ball
2-2: Ball
3-2: Strikes out swinging
Batting: RHB Jonas van Claveren 0-0: Called Strike
0-1: Called Strike
0-2: Fly out, F7 (Flyball, 78S, EV 82.5 MPH)
Batting: LHB Tadayoshi Watanabe 0-0: Ball
1-0: Ball
2-0: Ground out 4-3 (Groundball, 4, EV 80.6 MPH)
Top of the 6th over - 0 runs, 0 hits, 0 errors, 0 left on base; Phoenix 1 - Thunder Bay 1
BOTTOM OF THE 6TH
Thunder Bay Northern Lions BC batting - Pitching for Phoenix Hotspur : RHP Masahiro Sakei
Batting: LHB Kevin de Bruyne 0-0: Ball
1-0: Fly out, F4 (Line Drive, 4, EV 66.9 MPH)
Batting: LHB Jorge Herrera 0-0: Foul Ball, location: 2F
0-1: Ball
1-1: Ball
2-1: Ball
3-1: Base on Balls
Pitching: RHP Tony Ramírez
Batting: LHB Sébastien Cornu 0-0: Foul Ball, location: 2F
0-1: Foul Ball, location: 2F
0-2: Fly out, F6 (Line Drive, 6, EV 68.8 MPH)
Batting: RHB Joe Aller 0-0: Ball
1-0: Ball
Jorge Herrera is caught stealing 2nd base 2-4
Bottom of the 6th over - 0 runs, 0 hits, 0 errors, 0 left on base; Phoenix 1 - Thunder Bay 1
TOP OF THE 7TH
Phoenix Hotspur batting - Pitching for Thunder Bay Northern Lions BC : RHP Jesús Vidro
Batting: RHB Martín Talia 0-0: Ball
1-0: Ball
2-0: Foul Ball, location: 2F
2-1: Foul Ball, location: 2F
2-2: Strikes out swinging
Batting: LHB Valerius Buser 0-0: Called Strike
0-1: Ground out 6-3 (Groundball, 4M, EV 85.6 MPH)
Batting: RHB Myles Brundidge 0-0: Ball
1-0: Ball
2-0: Ground out U3 (Groundball, 34S, EV 80.6 MPH)
Top of the 7th over - 0 runs, 0 hits, 0 errors, 0 left on base; Phoenix 1 - Thunder Bay 1
BOTTOM OF THE 7TH
Thunder Bay Northern Lions BC batting - Pitching for Phoenix Hotspur : RHP Tony Ramírez
Batting: RHB Joe Aller 0-0: Foul Ball, location: 2F
0-1: Ball
1-1: Ball
2-1: Called Strike
2-2: Strikes out swinging
Batting: RHB Charles Josse 0-0: Ball
1-0: Ground out 6-3 (Groundball, 6, EV 103.1 MPH)
Batting: RHB Juan Pedraza 0-0: Called Strike
0-1: Ball
1-1: Ground out U3 (Groundball, 34S, EV 68.1 MPH)
Bottom of the 7th over - 0 runs, 0 hits, 0 errors, 0 left on base; Phoenix 1 - Thunder Bay 1
TOP OF THE 8TH
Phoenix Hotspur batting - Pitching for Thunder Bay Northern Lions BC : RHP Jesús Vidro
Batting: RHB Brit Davis 0-0: Ball
1-0: Foul Ball, location: 2F
1-1: Ball
2-1: Foul Ball, location: 2F
2-2: Ball
3-2: Strikes out swinging
Batting: RHB Quan Easterling 0-0: Foul Ball, location: 2F
0-1: Ball
1-1: Called Strike
1-2: Strikes out swinging
Batting: RHB Alberto Ramírez 0-0: Swinging Strike
0-1: Ball
1-1: Reached on error, E6 (Groundball, 56, EV 99.4 MPH)
Batting: LHB Mare Riseley 0-0: Called Strike
0-1: Ball
1-1: Foul Ball, location: 2F
1-2: Foul Ball, location: 2F
1-2: Foul Ball, location: 2F
1-2: Ball
Alberto Ramírez steals 2nd base
2-2: Foul Ball, location: 2F
2-2: Ball
3-2: Strikes out swinging
Top of the 8th over - 0 runs, 0 hits, 1 error, 1 left on base; Phoenix 1 - Thunder Bay 1
BOTTOM OF THE 8TH
Thunder Bay Northern Lions BC batting - Pitching for Phoenix Hotspur : RHP Tony Ramírez
Batting: LHB Barry Flauker 0-0: Ball
1-0: SINGLE (Groundball, 5D, EV 100.0 MPH)
Batting: LHB Ramón Padilla 0-0: Ball
Barry Flauker steals 2nd, throwing error, E2
Barry Flauker to third
1-0: Squeeze Bunt to 13S - play home, runner scores, batter safe!
Barry Flauker scores
Batting: RHB Jason Slaybaugh 0-0: Ball
1-0: Ball
2-0: Ball
3-0: Base on Balls
Ramón Padilla to second
Batting: LHB Kevin de Bruyne 0-0: Ball
1-0: Swinging Strike
1-1: Swinging Strike
1-2: Ball
2-2: Strikes out swinging
Batting: LHB Jorge Herrera 0-0: Swinging Strike
0-1: Swinging Strike
0-2: Foul Ball, location: 2F
0-2: Fly out, F5 (Popup, 56S, EV 89.4 MPH)
Batting: LHB Sébastien Cornu 0-0: Ball
1-0: Ball
2-0: Called Strike
2-1: Ball
3-1: Ground out 6-3 (Groundball, 6, EV 111.2 MPH)
Bottom of the 8th over - 1 run, 1 hit, 1 error, 2 left on base; Phoenix 1 - Thunder Bay 2
TOP OF THE 9TH
Phoenix Hotspur batting - Pitching for Thunder Bay Northern Lions BC : RHP Jesús Vidro
Pitching: RHP Jim Sison
Batting: RHB Jonas van Claveren 0-0: Foul Ball, location: 2F
0-1: Ball
1-1: Ball
2-1: Swinging Strike
2-2: Ball
3-2: Ground out 5-3 (Groundball, 56, EV 81.9 MPH)
Batting: LHB Tadayoshi Watanabe 0-0: Ground out 4-3 (Groundball, 4, EV 90.6 MPH)
Batting: RHB Martín Talia 0-0: Foul Ball, location: 2F
0-1: Ball
1-1: Fly out, F9 (Flyball, 9D, EV 93.8 MPH)
Top of the 9th over - 0 runs, 0 hits, 0 errors, 0 left on base; Phoenix 1 - Thunder Bay 2
Friday, April 17th, 2020 - OOTP Baseball 20.8 Build 74